cohdb
Replays
Latest Replays
All Replays
Popular Replays
Top Player Replays
Match Explorer
How It Works
Community
CoH3 Stats
Reddit
Sign in to upload your games and track your stats! →
Sign in with Steam
Match 41843890
Unlisted
Match 41843890
Overview
Messages
Build Orders
End
Kettenkrad Recon Vehicle
Construct Infanterie Kompanie
Grenadier Squad
Grenadier Squad
GrW 34 Mortar Team
Grenadier Squad
Construct Panzergrenadier Kompanie
MG 42 Machine Gun Team
Pioneer Squad
Medical Station
Support Elements
Selects Breakthrough Battlegroup
Selects Assault Grenadiers
Selects 2.5-tonne Cargo Truck
Nebelwerfer 42 Rocket Launcher Team
251 Medium Carrier
Pak 40 Anti-tank Gun Team
StuG III G Assault Gun
Grenadier Squad
StuG III G Assault Gun
Grenadier Squad
Panzergrenadier Squad
StuG III G Assault Gun
Grenadier Squad
StuG III G Assault Gun
Pioneer Squad
StuG III G Assault Gun
gijs-hertog
鲸鱼爱吃超大鱼头
سَۨفُـيٰانۨوٰس
mohamedkerdaoui
0
0
Comments
sign in to comment!
No comments posted yet!